 Dungeon Crawl Stone Soup version 0.29.0-4-gdea44cf6ec (webtiles) character file.

Game seed: 2303742656717978490

70 qw the Chopper (level 4, -7/26 HPs)
             Began as a Tengu Warper on Aug 28, 2022.
             Mangled by a gnoll
             ... wielding a +0 flail
              (10 damage)
             ... on level 2 of the Dungeon.
             The game lasted 00:00:07 (1643 turns).

qw the Chopper (Tengu Warper)                       Turns: 1643, Time: 00:00:08

Health: -7/26      AC:  5    Str: 13    XL:     4   Next: 22%
Magic:  8/8        EV: 11    Int: 14    God:
Gold:   13         SH:  0    Dex: 13    Spells: 7/7 levels left

rFire   . . .      SeeInvis .   Y - +0 hand axe
rCold   . . .      Faith    .   (no shield)
rNeg    . . .      Spirit   .   h - +0 ring mail
rPois   .          Reflect  .   (helmet restricted)
rElec   .          Harm     .   (no cloak)
rCorr   .          Rampage  .   (no gloves)
Will    .....                   (boots unavailable)
Stlth   +.........              (no amulet)
HPRegen 0.08/turn               (no ring)
MPRegen 0.11/turn               (no ring)

@: no status effects
A: beak, talons 3
a: no special abilities


You were on level 2 of the Dungeon.
You visited 1 branch of the dungeon, and saw 2 of its levels.

You collected 13 gold pieces.


Innate Abilities, Weirdness & Mutations

You have a beak for a mouth.
You have claws for feet.


   Skills:
 - Level 2.0 Fighting
 + Level 4.8 Axes
 - Level 1.0 Throwing
 - Level 1.1 Armour
 - Level 2.1 Dodging
 - Level 2.0 Spellcasting
 - Level 2.4 Translocations


You had 7 spell levels left.
You didn't know any spells.
Your spell library contained the following spells:

 Spells                   Type           Power      Damage    Failure   Level
 Blink                    Tloc           16%        N/A       28%         2
 Gell's Gravitas          Tloc           8%         N/A       50%         3
 Lesser Beckoning         Tloc           8%         N/A       50%         3
 Teleport Other           Tloc           8%         N/A       50%         3
 Manifold Assault         Tloc           8%         N/A       99%         5

Inventory:

Hand Weapons
 a - a +0 mace
 Y - a +0 hand axe (weapon)
Armour
 b - a +0 chain mail
 h - a +0 ring mail (worn)
Scrolls
 d - a scroll of teleportation {unknown}
Potions
 c - a potion of magic {unknown}

Dungeon Overview and Level Annotations

Branches:
Dungeon (2/15)

Altars:


Message History

The bat is severely wounded.
The bat barely misses you.
You hit the bat.
You kill the bat!
Found a scale mail.
A kobold comes into view. It is wielding a +0 club.
You closely miss the kobold. You peck the kobold.
You kill the kobold!
Found a dagger and 4 poisoned darts.
You see here a +0 club.
You now have 13 gold pieces (gained 7).
A goblin comes into view. It is wielding a +0 dagger.
A gnoll comes into view. It is wielding a +0 halberd.
A gnoll comes into view. It is wielding a +0 halberd.
The gnoll shouts! x2; You hear a shout!
A gnoll comes into view. It is wielding a +0 flail.
There is a fountain of clear blue water here.
The gnoll shouts!
You see here a gold piece.
The goblin hits you with a +0 dagger.
The gnoll hits you from afar with a +0 halberd.
You see here 6 gold pieces.
You hit the goblin.
The goblin is severely wounded.
The gnoll hits you from afar with a +0 halberd!
The gnoll completely misses you. The goblin hits you but does no damage.
You barely miss the goblin.
The goblin is heavily wounded.
The gnoll hits you from afar with a +0 halberd.
The goblin hits you with a +0 dagger. The gnoll barely misses you.
You hit the goblin.
You kill the goblin!
The gnoll barely misses you. The gnoll barely misses you.
You see here a +0 dagger.
You barely miss the gnoll. You claw the gnoll.
The gnoll is heavily wounded.
You hit the gnoll but do no damage. You closely miss the gnoll.
The gnoll hits you with a +0 flail!
You die...

#.#########.#
#...........#
#%#########.#
###...## #.#
###......# #.#
.....##...# #.#
..##..##..# #.#
.##)}..#)## #.#
#g@$$}...# #.#
.....ggg!)..#.#
#.#
......#(.}[##.#
#.#
####..##..##..#
#.# #. ##....##
#.# .. ....#
#.# ## ..####
#.### ... #....
#####


You could see 4 gnolls.

Vanquished Creatures
  Terence (D:2)
  An adder (D:2)
  A dart slug (D:1)
  3 ball pythons
  3 endoplasms (D:1)
  A giant cockroach (D:1)
  3 goblins
  4 jackals (D:1)
  A quokka (D:1)
  6 bats
  2 frilled lizards (D:1)
  4 kobolds
  4 rats (D:1)
34 creatures vanquished.

Notes
Turn   | Place    | Note
-------+----------+-------------------------------------------
     0 | D:1      | qw the Tengu Warper began the quest for the Orb.
     0 | D:1      | Reached XP level 1. HP: 12/12 MP: 4/4
     0 | D:1      | 0 ||| qw: Version: 0.1-a-89-g26bdef1
     0 | D:1      | 0 ||| qw: Game counter: 2934
     0 | D:1      | 0 ||| qw: Always use a shield: true
     0 | D:1      | 0 ||| qw: God list: Okawaru
     0 | D:1      | 0 ||| qw: Allow faded altars: false
     0 | D:1      | 0 ||| qw: Do Orc after D:15 true
     0 | D:1      | 0 ||| qw: Do second Lair branch before Depths: true
     0 | D:1      | 0 ||| qw: Lair rune preference: random
     0 | D:1      | 0 ||| qw: Plans: Normal
     0 | D:1      | 0 ||| PLANNING D:1-11
     4 | D:1      | 4 ||| Stepping ~*~*~tactically~*~*~ (stealth).
    12 | D:1      | HP: 3/12 [jackal (2)]
   252 | D:1      | Reached skill level 3 in Axes
   252 | D:1      | Reached XP level 2. HP: 15/17 MP: 6/6
   343 | D:1      | 343 ||| Stepping ~*~*~tactically~*~*~ (stealth).
   356 | D:1      | 356 ||| Stepping ~*~*~tactically~*~*~ (stealth).
   357 | D:1      | 357 ||| Stepping ~*~*~tactically~*~*~ (stealth).
   366 | D:1      | 366 ||| Stepping ~*~*~tactically~*~*~ (stealth).
   836 | D:1      | Reached XP level 3. HP: 21/21 MP: 7/7
  1160 | D:1      | 1160 ||| UPGRADING to +0 ring mail.
  1170 | D:1      | 1170 ||| DROPPING +0 leather armour.
  1171 | D:1      | 1171 ||| READING scroll labelled ODILOR PAJE.
  1172 | D:1      | 1172 ||| READING scroll labelled WIDU BIT YLYL.
  1173 | D:1      | 1173 ||| READING scroll labelled JUALENIZUHU.
  1174 | D:1      | 1174 ||| DRINKING 2 fizzy brown potions.
  1175 | D:1      | 1175 ||| DROPPING scroll of blinking.
  1176 | D:1      | 1176 ||| DROPPING potion of attraction.
  1241 | D:2      | Noticed Terence
  1258 | D:2      | HP: 1/21 [Terence/+0 mace (7)]
  1259 | D:2      | Killed Terence
  1260 | D:2      | Reached skill level 4 in Axes
  1260 | D:2      | Reached XP level 4. HP: 1/26 MP: 8/8
  1569 | D:2      | 1569 ||| DROPPING +0 club.
  1618 | D:2      | 1618 ||| Stepping ~*~*~tactically~*~*~ (stealth).
  1640 | D:2      | HP: 5/26 [gnoll/+0 halberd (6)]
  1643 | D:2      | Mangled by a gnoll

Levels and vault maps discovered:
D:1:      scummos_arrival_checkerplants, layout_loops_cross
D:2:      layout_basic, ebering_ecumenical_altar_rust, minmay_pentomino_w4,
          uniq_natasha, uniq_terence

Skill      XL: |  1  2  3 |
---------------+----------+-----
Axes           | 3 4 |  4.8
Fighting       | |  2.0
Throwing       | |  1.0
Armour         | |  1.1
Dodging        | |  2.1
Spellcasting   | |  2.0
Translocations | |  2.4

Action                   |  1- 3 |  4- 6 || total
-------------------------+-------+-------++-------
Melee: Hand axe          |    64 |    11 ||    75
       Peck              |    16 |     1 ||    17
       Kick              |    15 |     3 ||    18
       Punch             |     1 |       ||     1
Throw: Boomerang         |     7 |       ||     7
  Use: Scroll            |     3 |       ||     3
       Potion            |     1 |       ||     1
Armor: Leather armour    |    12 |       ||    12
       Ring mail         |     2 |     3 ||     5
Dodge: Dodged            |    23 |    12 ||    35

Table legend:
 A = Non-vault XP
 B = Vault XP
 C = Vault XP percentage of total XP
 D = Non-vault monster count
 E = Vault monster count
 F = Vault count percentage of total count
                 A         B        C        D         E       F
            +---------+---------+-------+---------+---------+-------
      Total |      45 |      56 |  55.4 |      28 |       6 |  17.6
            +---------+---------+-------+---------+---------+-------
        D:1 |      43 |       0 |   0.0 |      26 |       0 |   0.0
        D:2 |       2 |      56 |  96.6 |       2 |       6 |  75.0
            +---------+---------+-------+---------+---------+-------
